 Dungeon Crawl Stone Soup version 0.29.0 (webtiles) character file.

Game seed: 8104695901998913733

331 GigaChad the Covered (level 6, -5/55 HPs)
             Began as a Minotaur Fighter on Aug 24, 2022.
             Was an Initiate of Ashenzari.
             Splashed by a jelly's acid (9 damage)
             ... created by Jiyva
             ... on level 4 of the Dungeon.
             The game lasted 00:07:54 (3468 turns).

GigaChad the Covered (Minotaur Fighter)             Turns: 3468, Time: 00:07:55

Health: -5/55      AC: -3    Str: 34    XL:     6   Next: 26%
Magic:  5/5        EV: 10    Int:  5    God:    Ashenzari [......]
Gold:   141        SH:  4    Dex: 10    Spells: 5/5 levels left

rFire   . . .      SeeInvis .   a - +0 long sword
rCold   . . .      Faith    .   c - +0 buckler
rNeg    . . .      Spirit   .   b - +1 scale mail
rPois   .          Reflect  .   (helmet restricted)
rElec   .          Harm     .   (no cloak)
rCorr   .          Rampage  .   (no gloves)
Will    .....                   (no boots)
Stlth   ..........              (no amulet)
HPRegen 0.18/turn               f - +6 ring of strength
MPRegen 0.09/turn               o - +6 ring of strength

@: corroded
A: horns 2, retaliatory headbutt
a: Renounce Religion


You were on level 4 of the Dungeon.
You worshipped Ashenzari.
Ashenzari was noncommittal.
You visited 2 branches of the dungeon, and saw 5 of its levels.

You collected 141 gold pieces.

Inventory:

Hand Weapons
 a - a +0 long sword (weapon)
 g - a +4 quarterstaff of chaos
 m - a +0 scythe
 n - a +0 hammer
Armour
 b - a +1 scale mail (worn)
 c - a +0 buckler (worn)
Jewellery
 f - a +6 ring of strength (left hand)
 o - a +6 ring of strength (right hand)
Scrolls
 k - 2 scrolls of teleportation
Potions
 d - a potion of might
 e - a potion of curing {unknown}
 h - a potion of lignification {unknown}
 i - 2 potions of attraction {unknown}
 j - 2 potions of heal wounds {unknown}
 l - 2 potions of haste


   Skills:
 + Level 4.8 Fighting
 + Level 5.2 Long Blades
 + Level 5.4 Armour
 + Level 1.7 Dodging
 + Level 0.3 Stealth
 + Level 4.1 Shields


You had 5 spell levels left.
You didn't know any spells.
Your spell library contained the following spells:

 Spells                   Type           Power      Damage    Failure   Level
 Cause Fear               Hex            0%         N/A       100%        4
 Dragon Form              Tmut           0%         N/A       100%        7
 Dragon's Call            Summ           0%         N/A       100%        9


Dungeon Overview and Level Annotations

Branches:
Dungeon (4/15)             Temple (1/1) D:4

Altars:
Ashenzari
Cheibriados
Elyvilon
Gozag
Makhleb
Nemelex Xobeh
Qazlal
Ru
Sif Muna
Trog
Vehumet
Wu Jian
Yredelemnul
Zin
Jiyva


Innate Abilities, Weirdness & Mutations

You have a pair of horns on your head.
You reflexively headbutt those who attack you in melee.


Message History

You hit the hound but do no damage. You headbutt the hound.
You kill the hound!
HP restored.
An adder and a jelly come into view.
The jelly quivers.
There are monsters nearby!
There are monsters nearby!
You slash the adder!
The adder is severely wounded.
The adder bites you.
You are poisoned.
The adder poisons you! The adder closely misses you.
You barely miss the adder. You headbutt the adder.
You kill the adder!
You feel sick.
You feel sick.
You hit the jelly. The acid corrodes you!
Your hands burn!
The jelly is lightly wounded.
You feel sick. The jelly barely misses you.
You hit the jelly. The acid corrodes you!
Your hands burn!
The jelly is moderately wounded.
You feel sick. The jelly barely misses you. The jelly closely misses you.
You hit the jelly but do no damage.
Your hands burn!
The jelly is moderately wounded.
You feel sick.
You are no longer poisoned.
The jelly hits you.
You are splashed with acid!
You hit the jelly.
Your hands burn!
The jelly is moderately wounded.
The jelly hits you.
You are splashed with acid!
You hit the jelly but do no damage.
Your hands burn!
The jelly is moderately wounded.
The jelly hits you. The acid corrodes you!
You are splashed with acid!
* * * LOW HITPOINT WARNING * * *
You completely miss the jelly.
The jelly is moderately wounded.
The jelly hits you.
* * * LOW HITPOINT WARNING * * *
You are splashed with acid!
You die...

#.#.......#J#..#.....
..####.####.#..#....#
............# #....#
............# #....#
.##'######### #....#
.......>... #....#
.###############....#
................J...#
................@...#
....................#
........................
....#######.######......
.....# #.# ...... .....#
#.# ###### .....# #.#
.....# #.##############
.....# #.##...........#


You could see a jelly.

Vanquished Creatures
  Sigmund (D:2)
  3 jellies (D:4)
  A hound (D:4)
  Crazy Yiuf (D:3)
  4 adders
  A gnoll (D:1)
  A worm (D:3)
  A dart slug (D:2)
  An orc (D:4)
  4 endoplasms
  4 giant cockroaches
  6 goblins
  4 hobgoblins
  6 jackals (D:1)
  11 kobolds
  2 quokkas (D:1)
  3 ball pythons
  7 bats
  2 frilled lizards
  A rat (D:1)
64 creatures vanquished.

Vanquished Creatures (others)
  Grinder (D:3)
  2 jellies (D:3)
  Jessica (D:3)
  3 adders (D:3)
  An orc (D:3)
  An endoplasm (D:4)
  A goblin (D:3)
  A hobgoblin (D:3)
  A jackal (D:3)
12 creatures vanquished.

Grand Total: 76 creatures vanquished

Notes
Turn   | Place    | Note
-------+----------+-------------------------------------------
     0 | D:1      | GigaChad the Minotaur Fighter began the quest for the Orb.
     0 | D:1      | Reached XP level 1. HP: 19/19 MP: 0/0
   105 | D:1      | Reached XP level 2. HP: 18/27 MP: 1/1
   436 | D:1      | Reached XP level 3. HP: 20/33 MP: 2/2
   903 | D:2      | Noticed Sigmund
   920 | D:2      | Killed Sigmund
   921 | D:2      | Reached skill level 5 in Armour
   921 | D:2      | Reached skill level 1 in Dodging
   921 | D:2      | Reached XP level 4. HP: 15/41 MP: 3/3
   921 | D:2      | Reached XP level 5. HP: 18/47 MP: 4/4
  1433 | D:2      | Found a faded altar of an unknown god.
  1462 | D:2      | Prayed at the altar of an unknown god.
  1462 | D:2      | Became a worshipper of Jiyva Jeepp the Shapeless
  1462 | D:2      | Reached * piety under Jiyva
  1758 | D:3      | Found a runed translucent door.
  1759 | D:3      | Noticed Crazy Yiuf
  1781 | D:3      | Reached ** piety under Jiyva
  1936 | D:3      | Killed Grinder
  2047 | D:3      | Killed Jessica
  2302 | D:3      | Killed Crazy Yiuf
  2303 | D:3      | Reached XP level 6. HP: 30/55 MP: 5/5
  2819 | D:4      | Reached skill level 5 in Long Blades
  2848 | D:4      | Found a staircase to the Ecumenical Temple.
  2849 | D:4      | Reached *** piety under Jiyva
  2859 | Temple   | Entered the Ecumenical Temple
  2890 | Temple   | Fell from the grace of Jiyva
  2890 | Temple   | Became a worshipper of Ashenzari the Shackled
  3468 | D:4      | Splashed by a jelly's acid

Illustrated notes

Levels and vault maps discovered:
D:1:      giann_bridges, layout_basic, minmay_misc_feat_diagonals
D:2:      layout_basic, basic_ecumenical_altar, uniq_sigmund
D:3:      layout_loops_ring, grunt_decor_cap, kennysheep_generic_room_16,
          uniq_jessica, uniq_grinder, uniq_crazy_yiuf_cottage
D:4:      layout_basic, minmay_temple_entry_statues_pillars, corexii_shack
Temple:   nicolae_temple_bog_church

Skill      XL: |  1  2  3  4  5  6 |
---------------+-------------------+-----
Armour         | 4 5 |  5.4
Fighting       | 4 |  4.8
Long Blades    | 4 5 |  5.2
Dodging        | 1 |  1.7
Shields        | 4 |  4.1
Stealth        | |  0.3

Action                   |  1- 3 |  4- 6 || total
-------------------------+-------+-------++-------
Melee: Long sword        |    96 |    86 ||   182
       Headbutt          |    12 |    13 ||    25
  Use: Scroll            |     2 |     4 ||     6
       Potion            |       |     1 ||     1
Armor: Scale mail        |    90 |    18 ||   108
Dodge: Dodged            |    73 |    46 ||   119
Block: Buckler           |    24 |    16 ||    40
